[Event "15th Deltalift Open 2018"]
[Site "Halmstad"]
[Date "2018.05.10"]
[Round "1"]
[White "Holst, Peter"]
[Black "Bellon Lopez, Juan Manuel"]
[Result "1-0"]
[ECO "B43"]
[WhiteElo "1896"]
[BlackElo "2344"]
[Annotator "ChessBase"]
[PlyCount "99"]
[EventDate "2018.??.??"]
[EventType "swiss"]
[EventCountry "SWE"]
[SourceTitle "playchess.com"]
[Source "ChessBase"]
[SourceQuality "1"]
[TimeControl "1800+12"]

1. e4 c5 2. Nf3 e6 3. d4 cxd4 4. Nxd4 a6 5. Nc3 b5 6. Be3 Bb7 7. f3 Bb4 8. Qd2 Qc7 9. a3 Bxc3 10. bxc3 Nf6 11. a4 bxa4 12. Rxa4 d5 13. exd5 Nxd5 14. c4 Nxe3 15. Qxe3 O-O 16. Bd3 Rd8 17. Nb3 Nd7 18. O-O Qe5 19. Re1 Qxe3+ 20. Rxe3 Rac8 21. Kf2 Nc5 22. Nxc5 Rxc5 23. Re1 g6 24. Rb1 Rd7 25. Rb6 Kf8 26. Rab4 Bc8 27. Rb8 Ke7 28. Ra4 Ra7 29. Rb6 Kd8 30. Ke3 Kc7 31. Rb1 e5 32. f4 exf4+ 33. Kxf4 Bd7 34. Ra3 a5 35. Ke3 Bc6 36. Rf1 Re5+ 37. Kd4 Re7 38. g3 a4 39. Rf6 Ra5 40. c5 Rd7+ 41. Kc4 Ra7 42. Kc3 h5 43. Bc4 Be4 44. Rxf7 Kc6 45. Rxd7 Rxd7 46. Rxa4 Bf5 47. Bd3 Rd5 48. Bxf5 gxf5 49. Rh4 Rxc5+ 50. Rc4 1-0

[Event "15th Deltalift Open 2018"]
[Site "Halmstad"]
[Date "2018.05.10"]
[Round "1"]
[White "Westergren, Bertil"]
[Black "Pantzar, Milton"]
[Result "0-1"]
[ECO "A50"]
[WhiteElo "1891"]
[BlackElo "2333"]
[Annotator "NA"]
[PlyCount "52"]
[EventDate "2018.??.??"]
[EventType "swiss"]
[EventCountry "SWE"]
[SourceTitle "playchess.com"]
[Source "ChessBase"]
[SourceQuality "1"]
[TimeControl "1800+12"]

1. d4 Nf6 2. c4 Nc6 3. Nc3 e5 4. d5 Ne7 5. e4 Ng6 6. Nf3 Bc5 7. Be2 O-O 8. Qc2 d6 9. Na4 Bb4+ 10. Bd2 Bxd2+ 11. Nxd2 Bg4 12. f3 Bd7 13. g3 c6 14. Nc3 Qb6 15. O-O-O cxd5 16. cxd5 Rac8 17. Kb1 Qf2 18. Qd3 Nh5 19. Rdf1 Qb6 20. f4 Nhxf4 21. gxf4 Nxf4 22. Qf3 Rxc3 23. Qxc3 Nxe2 24. Qb3 Qd4 25. Qd1 Bb5 26. Rf3 Rc8 0-1

[Event "15th Deltalift Open 2018"]
[Site "Halmstad"]
[Date "2018.05.10"]
[Round "1"]
[White "Klement, Hans"]
[Black "Haugli, Petter"]
[Result "1/2-1/2"]
[ECO "B30"]
[WhiteElo "1870"]
[BlackElo "2245"]
[Annotator "NA"]
[PlyCount "64"]
[EventDate "2018.??.??"]
[EventType "swiss"]
[EventCountry "SWE"]
[SourceTitle "playchess.com"]
[Source "ChessBase"]
[SourceQuality "1"]
[TimeControl "1800+12"]

1. e4 c5 2. Nf3 e6 3. d3 Nc6 4. g3 Nf6 5. Bg2 Be7 6. O-O O-O 7. Nbd2 d6 8. c3 d5 9. e5 Nd7 10. Re1 b6 11. Qe2 Ba6 12. Nf1 Qc7 13. h4 Rae8 14. Bf4 b5 15. Ne3 Nb6 16. Ng4 d4 17. cxd4 Nd5 18. Bd2 cxd4 19. Rac1 Qb6 20. Ng5 Bxg5 21. hxg5 Nce7 22. Be4 Ng6 23. Kg2 Rc8 24. Rh1 Rxc1 25. Bxc1 Bb7 26. Nf6+ Nxf6 27. gxf6 Bxe4+ 28. Qxe4 Rc8 29. fxg7 Qc6 30. Qxc6 Rxc6 31. f4 Kxg7 32. Kf3 Ne7 1/2-1/2

[Event "15th Deltalift Open 2018"]
[Site "Halmstad"]
[Date "2018.05.10"]
[Round "2"]
[White "Lindberg, Bengt"]
[Black "Petersson, Baldur Teodor"]
[Result "1-0"]
[ECO "B43"]
[WhiteElo "2404"]
[BlackElo "2038"]
[Annotator "ChessBase"]
[PlyCount "63"]
[EventDate "2018.??.??"]
[EventType "swiss"]
[EventCountry "SWE"]
[SourceTitle "playchess.com"]
[Source "ChessBase"]
[SourceQuality "1"]
[TimeControl "1800+12"]

1. e4 c5 2. Nf3 e6 3. d4 cxd4 4. Nxd4 a6 5. Nc3 Qc7 6. Bd3 Bc5 7. Nb3 Be7 8. O-O Nf6 9. f4 d6 10. e5 dxe5 11. fxe5 Qxe5 12. Bf4 Qh5 13. Be2 Qg6 14. Rf3 Nc6 15. Rg3 Qf5 16. Qd2 Nd5 17. Nxd5 Qxd5 18. Rd3 Qf5 19. Rf1 e5 20. Be3 Qg6 21. Bc5 Bxc5+ 22. Nxc5 Nd4 23. Rg3 Qb6 24. b4 Be6 25. Bd3 O-O-O 26. Qf2 g6 27. Re3 Bxa2 28. c3 Ne6 29. Qxa2 Nxc5 30. Qc4 Qe6 31. Qxc5+ Kb8 32. Bc4 1-0

[Event "15th Deltalift Open 2018"]
[Site "Halmstad"]
[Date "2018.05.10"]
[Round "2"]
[White "Lokander, Martin"]
[Black "Jogstad, Daniel"]
[Result "1-0"]
[ECO "A30"]
[WhiteElo "2386"]
[BlackElo "2028"]
[Annotator "NA"]
[PlyCount "59"]
[EventDate "2018.??.??"]
[EventType "swiss"]
[EventCountry "SWE"]
[SourceTitle "playchess.com"]
[Source "ChessBase"]
[SourceQuality "1"]
[TimeControl "1800+12"]

1. Nf3 Nf6 2. c4 c5 3. Nc3 e6 4. g3 b6 5. Bg2 Bb7 6. O-O d6 7. d4 cxd4 8. Qxd4 Be7 9. Rd1 a6 10. b3 Nbd7 11. e4 O-O 12. Ba3 Nc5 13. e5 dxe5 14. Qxe5 Nd3 15. Rxd3 Qxd3 16. Bxe7 Bxf3 $11 17. Bxf8 Rxf8 18. Bxf3 Qxf3 19. Qd4 e5 20. Qd2 h5 21. Re1 Ng4 22. Nd5 Re8 23. h3 Nh6 24. Nxb6 Re6 25. Nd5 Qf5 26. Ne7+ Rxe7 27. Qd8+ Kh7 28. Qxe7 Qxh3 29. Qxe5 Ng4 30. Qe4+ 1-0

[Event "15th Deltalift Open 2018"]
[Site "Halmstad"]
[Date "2018.05.10"]
[Round "2"]
[White "Pantzar, Milton"]
[Black "Johnson, Daniel"]
[Result "1/2-1/2"]
[ECO "E05"]
[WhiteElo "2333"]
[BlackElo "2028"]
[Annotator "NA"]
[PlyCount "33"]
[EventDate "2018.??.??"]
[EventType "swiss"]
[EventCountry "SWE"]
[SourceTitle "playchess.com"]
[Source "ChessBase"]
[SourceQuality "1"]
[TimeControl "1800+12"]

1. Nf3 d5 2. g3 Nf6 3. Bg2 e6 4. O-O Be7 5. c4 O-O 6. d4 dxc4 7. Qa4 a6 8. Qxc4 b5 9. Qc2 Bb7 10. Bf4 Nc6 11. Rd1 Nb4 12. Qc1 Rc8 13. Ne5 Bxg2 14. Kxg2 Qd5+ 15. f3 c5 16. Nc3 Qb7 17. e4 1/2-1/2

[Event "15th Deltalift Open 2018"]
[Site "Halmstad"]
[Date "2018.05.10"]
[Round "2"]
[White "Hobber, Anders"]
[Black "Torngren, Gustav"]
[Result "1-0"]
[ECO "A45"]
[WhiteElo "2320"]
[BlackElo "2023"]
[Annotator "NA"]
[PlyCount "99"]
[EventDate "2018.??.??"]
[EventType "swiss"]
[EventCountry "SWE"]
[SourceTitle "playchess.com"]
[Source "ChessBase"]
[SourceQuality "1"]
[TimeControl "1800+12"]

1. d4 Nf6 2. Bf4 c5 3. d5 {[%emt 0:00:48] A45: Trompowsky Attack} e6 (3... d6 4. Nc3 e5 5. Bd2 Bf5 6. h3 Nbd7 7. g4 Be4 8. f3 Bg6 9. e4 a6 10. a4 Be7 {0-1 (35) Vachier Lagrave,M (2795)-Grischuk,A (2750) chess.com INT 2017}) 4. Nc3 exd5 5. Nxd5 Nxd5 6. Qxd5 Nc6 7. O-O-O Be7 $146 ({Predecessor:} 7... d6 8. Bxd6 Bxd6 9. Qxd6 Qa5 {½-½ (9) Aguilar,S (1788)-Kiryushin,A (1825) LSS email 2012}) 8. Bd6 Bxd6 9. Qxd6 Qe7 10. Qxe7+ Kxe7 11. Nh3 d6 12. Nf4 Be6 13. g3 g5 14. Nd5+ Bxd5 15. Rxd5 f6 16. Bg2 Rad8 17. c3 Ne5 18. h3 h5 19. f4 Nc4 20. fxg5 Ne3 21. gxf6+ Kxf6 22. Rd3 Nxg2 23. Rg1 Nh4 24. gxh4 Rh6 25. Rg5 Ke6 26. Rxc5 dxc5 27. Rxd8 Ke5 28. Rd7 Kf4 29. Rxb7 Kg3 30. Rxa7 Kxh4 31. Rg7 Kxh3 32. b4 cxb4 33. cxb4 Re6 34. b5 h4 35. a4 Rxe2 36. b6 Re4 37. b7 Rxa4 38. b8=Q Rc4+ 39. Kd2 Rd4+ 40. Ke3 Re4+ 41. Kf3 Re3+ {[%emt 0:00:15] [#]} 42. Kf4 $1 Rf3+ 43. Kg5 Rf5+ 44. Kg6 Rf6+ 45. Kh5 Rh6+ 46. Kg5 Rh5+ 47. Kg6 Rh6+ 48. Kf7 Rf6+ 49. Kg8 Rf8+ 50. Qxf8 1-0

[Event "15th Deltalift Open 2018"]
[Site "Halmstad"]
[Date "2018.05.10"]
[Round "2"]
[White "Johansson, Mikael"]
[Black "Wahlstrom, Lennart"]
[Result "1/2-1/2"]
[ECO "D34"]
[WhiteElo "2284"]
[BlackElo "2200"]
[Annotator "NA"]
[PlyCount "47"]
[EventDate "2018.??.??"]
[EventType "swiss"]
[EventCountry "SWE"]
[SourceTitle "playchess.com"]
[Source "ChessBase"]
[SourceQuality "1"]
[TimeControl "1800+12"]

1. d4 d5 2. c4 e6 3. Nf3 c5 4. cxd5 exd5 5. g3 Nc6 6. Bg2 Nf6 7. O-O Be7 8. Nc3 O-O 9. h3 Re8 10. Be3 cxd4 11. Nxd4 Be6 12. Qc2 Qd7 13. Kh2 Rac8 14. Rac1 Nxd4 15. Bxd4 Ne4 16. e3 b5 17. Qe2 Nxc3 18. Bxc3 b4 19. Bd4 a5 20. b3 h6 21. Rfd1 Rxc1 22. Rxc1 Rc8 23. Qb2 Bf8 24. Rc2 1/2-1/2

[Event "15th Deltalift Open 2018"]
[Site "Halmstad"]
[Date "2018.05.10"]
[Round "2"]
[White "Kucuksari, Kaan"]
[Black "Bohman Karlholm, Adrian"]
[Result "1-0"]
[ECO "D34"]
[WhiteElo "2264"]
[BlackElo "2019"]
[Annotator "NA"]
[PlyCount "39"]
[EventDate "2018.??.??"]
[EventType "swiss"]
[EventCountry "SWE"]
[SourceTitle "playchess.com"]
[Source "ChessBase"]
[SourceQuality "1"]
[TimeControl "1800+12"]

1. d4 d5 2. Nf3 Nf6 3. c4 e6 4. g3 Be7 5. Bg2 O-O 6. O-O c5 7. cxd5 exd5 8. Nc3 Nc6 9. Bg5 cxd4 10. Nxd4 h6 11. Be3 Re8 12. Rc1 Be6 13. Qa4 Nxd4 14. Bxd4 a6 15. Rfd1 Rc8 16. Bxf6 Bxf6 17. Bxd5 Bxd5 18. Nxd5 Bxb2 19. Qxe8+ Qxe8 20. Rxc8 1-0

[Event "15th Deltalift Open 2018"]
[Site "Halmstad"]
[Date "2018.05.10"]
[Round "2"]
[White "Tuomainen, Felix"]
[Black "Troberg Eskola, Love"]
[Result "0-1"]
[ECO "D20"]
[WhiteElo "2211"]
[BlackElo "1993"]
[Annotator "NA"]
[PlyCount "88"]
[EventDate "2018.??.??"]
[EventType "swiss"]
[EventCountry "SWE"]
[SourceTitle "playchess.com"]
[Source "ChessBase"]
[SourceQuality "1"]
[TimeControl "1800+12"]

1. d4 d5 2. c4 dxc4 3. e3 b5 4. a4 b4 5. Bxc4 e6 6. Nf3 Nf6 7. O-O Be7 8. Qe2 O-O 9. e4 c5 10. Rd1 Qc7 11. Bg5 h6 12. Bh4 cxd4 13. Nxd4 Nbd7 14. Nb5 Qc5 15. Nd2 Ne5 16. Bb3 a6 17. Rac1 Qb6 18. Bg3 axb5 19. Bxe5 bxa4 20. Ba2 b3 21. Bb1 Ba6 22. Bd3 Bxd3 23. Qxd3 Rfd8 24. Qg3 Rdc8 25. Nc4 Qc6 26. Bxf6 Bxf6 27. e5 Bg5 28. f4 Be7 29. h3 Qe4 30. Nd6 Rxc1 31. Nxe4 Rxd1+ 32. Kh2 a3 33. bxa3 b2 34. Nc3 Rxa3 35. Qf2 Rxc3 36. Qxb2 Rcc1 37. Qb8+ Kh7 38. Kg3 Rd3+ 39. Kf2 Rc2+ 40. Kg1 Rdd2 41. Qe8 Rxg2+ 42. Kf1 Rcf2+ 43. Ke1 Bb4+ 44. Kd1 Rg1# 0-1

[Event "15th Deltalift Open 2018"]
[Site "Halmstad"]
[Date "2018.05.10"]
[Round "2"]
[White "Nilsson, Patrik"]
[Black "Magelius, Olof"]
[Result "1/2-1/2"]
[ECO "B01"]
[WhiteElo "2195"]
[BlackElo "1984"]
[Annotator "NA"]
[PlyCount "59"]
[EventDate "2018.??.??"]
[EventType "swiss"]
[EventCountry "SWE"]
[SourceTitle "playchess.com"]
[Source "ChessBase"]
[SourceQuality "1"]
[TimeControl "1800+12"]

1. e4 d5 2. exd5 Qxd5 3. Nf3 Nf6 4. d4 Bf5 5. Be2 e6 6. O-O Be7 7. c4 Qd8 8. Qb3 b6 9. Nc3 O-O 10. Be3 Nbd7 11. Rfd1 Qc8 12. a3 c5 13. d5 exd5 14. cxd5 Ne4 15. Nxe4 Bxe4 16. Rac1 Bf6 17. Ng5 Bg6 18. Bd3 Ne5 19. Bxg6 hxg6 20. Ne4 Qg4 21. Nxf6+ gxf6 22. h3 Qh4 23. f4 c4 24. Qa2 Nf3+ 25. Kf1 Nh2+ 26. Kg1 Nf3+ 27. Kf1 Qg3 28. Bf2 Nh2+ 29. Kg1 Nf3+ 30. Kf1 1/2-1/2

[Event "15th Deltalift Open 2018"]
[Site "Halmstad"]
[Date "2018.05.10"]
[Round "2"]
[White "Ivarsson, Torbjorn"]
[Black "Nilsson, Eskil"]
[Result "1/2-1/2"]
[ECO "A45"]
[WhiteElo "2153"]
[BlackElo "1962"]
[Annotator "NA"]
[PlyCount "141"]
[EventDate "2018.??.??"]
[EventType "swiss"]
[EventCountry "SWE"]
[SourceTitle "playchess.com"]
[Source "ChessBase"]
[SourceQuality "1"]
[TimeControl "1800+12"]

1. d4 Nf6 2. Bf4 g6 3. Nc3 d5 4. e3 Bg7 5. h4 h5 6. Nf3 Bg4 7. Qd2 Bxf3 8. gxf3 c6 9. O-O-O a5 10. e4 e6 11. Bg5 Qc7 12. a4 Nbd7 13. Kb1 Ng8 14. Be2 Bf6 15. Rhe1 O-O-O 16. Bf4 Qb6 17. Bg3 Ne7 18. Bf1 dxe4 19. fxe4 Bg7 20. Qf4 Rhf8 21. Rd3 e5 22. dxe5 Bxe5 23. Qf3 f6 24. Bh3 Bxg3 25. Qxg3 Qc7 26. Qe3 Kb8 27. Bxd7 Rxd7 28. Rxd7 Qxd7 29. Rd1 Qc7 30. Qd4 g5 31. hxg5 fxg5 32. Qg7 Rg8 33. Qf7 h4 34. Ne2 Rd8 35. Rg1 Rd2 36. Nc3 Qe5 37. Kc1 Rd8 38. Qc4 h3 39. Qe2 Qf4+ 40. Kb1 h2 41. Rh1 g4 42. e5 Rd2 43. Qe4 Qxe4 44. Nxe4 Re2 45. Nf6 g3 46. fxg3 Rg2 47. Ka2 Kc7 48. Ng4 Nf5 49. Rxh2 Rxh2 50. Nxh2 Nxg3 51. Kb3 Ne4 52. Kc4 b6 53. Nf3 Kd7 54. Nd4 Nc5 55. b3 Ne4 56. b4 axb4 57. e6+ Kd6 58. e7 Kxe7 59. Nxc6+ Kd6 60. Nxb4 Nc5 61. Kb5 Kc7 62. Nd5+ Kb7 63. Nxb6 Ne6 64. c3 Nc7+ 65. Ka5 Ne6 66. Nd7 Kc6 67. Nf6 Nc5 68. Kb4 Na6+ 69. Kc4 Nc5 70. a5 Na4 71. Ne4 1/2-1/2

[Event "15th Deltalift Open 2018"]
[Site "Halmstad"]
[Date "2018.05.10"]
[Round "2"]
[White "Mejvik, Jacob"]
[Black "Sjodahl, Pontus"]
[Result "0-1"]
[ECO "E04"]
[WhiteElo "2063"]
[BlackElo "2404"]
[Annotator "ChessBase"]
[PlyCount "92"]
[EventDate "2018.??.??"]
[EventType "swiss"]
[EventCountry "SWE"]
[SourceTitle "playchess.com"]
[Source "ChessBase"]
[SourceQuality "1"]
[TimeControl "1800+12"]

1. Nf3 d5 2. d4 Nf6 3. c4 e6 4. g3 dxc4 5. Bg2 Nc6 6. Qa4 Bb4+ 7. Bd2 Nd5 8. Qb5 Bxd2+ 9. Nfxd2 O-O 10. Qxc4 Nb6 11. Qc1 Nxd4 12. Nc3 Nd5 13. e3 Nf5 14. O-O c6 15. Na4 Nd6 16. e4 Nb6 17. Nc5 e5 18. Rd1 Qe7 19. a4 a5 20. Qc3 Re8 21. b3 Bg4 22. f3 Bh5 23. g4 Bg6 24. Nf1 Nbc8 25. Nd3 f6 26. Ne3 Bf7 27. Rac1 Kh8 28. Kf2 Bg8 29. Bf1 Qf7 30. Rb1 Qg6 31. Nf5 Nxf5 32. exf5 Qh6 33. Nc5 Qxh2+ 34. Bg2 Qf4 35. Rd7 Nb6 36. Nd3 Qg5 37. Rxb7 Nd5 38. Qc1 Qh4+ 39. Kg1 Rad8 40. Rb2 Nf4 41. Nc5 Rd5 42. Rd2 Rxc5 43. Qxc5 Qe1+ 44. Bf1 Qxd2 45. Qxc6 Qe3+ 46. Kh2 Qf2+ 0-1

[Event "15th Deltalift Open 2018"]
[Site "Halmstad"]
[Date "2018.05.10"]
[Round "2"]
[White "Stray, Gunnar"]
[Black "Akesson, Ralf"]
[Result "0-1"]
[ECO "A43"]
[WhiteElo "2051"]
[BlackElo "2392"]
[Annotator "ChessBase"]
[PlyCount "100"]
[EventDate "2018.??.??"]
[EventType "swiss"]
[EventCountry "SWE"]
[SourceTitle "playchess.com"]
[Source "ChessBase"]
[SourceQuality "1"]
[TimeControl "1800+12"]

1. d4 Nf6 2. Nf3 g6 3. g3 c5 4. d5 d6 5. Bg2 b5 6. O-O Nbd7 7. Re1 Bg7 8. e4 O-O 9. a4 b4 10. c4 Ne8 11. Nbd2 a5 12. Rb1 Ra7 13. b3 e5 14. Nf1 h6 15. Qc2 Kh7 16. h4 Ndf6 17. N3h2 Nh5 18. Bf3 f5 19. exf5 Bxf5 20. Be4 Raf7 21. Re2 Qd7 22. Ne3 Bxe4 23. Qxe4 Nf4 24. gxf4 Rxf4 25. Qg2 Nf6 26. Nef1 Rxh4 27. Ng3 Nh5 28. Ne4 Rff4 29. f3 Rf8 30. Bd2 Nf4 31. Bxf4 exf4 32. Kf1 Bd4 33. Ke1 Rf5 34. Kd2 Rfh5 35. Rg1 Qg7 36. Ng4 Rf5 37. Rh1 Rxh1 38. Qxh1 h5 39. Nxd6 Be3+ 40. Nxe3 Qc3+ 41. Kd1 Qa1+ 42. Kc2 Qxh1 43. Ndxf5 Qxf3 44. Re1 gxf5 45. Nd1 Qg2+ 46. Kd3 Qg3+ 47. Kd2 f3 48. Rf1 Qf4+ 49. Ke1 Qe4+ 50. Kf2 Qe2+ 0-1

[Event "15th Deltalift Open 2018"]
[Site "Halmstad"]
[Date "2018.05.10"]
[Round "2"]
[White "Karlsson, Jorgen"]
[Black "Arman, Deniz"]
[Result "0-1"]
[ECO "B07"]
[WhiteElo "2029"]
[BlackElo "2367"]
[Annotator "NA"]
[PlyCount "64"]
[EventDate "2018.??.??"]
[EventType "swiss"]
[EventCountry "SWE"]
[SourceTitle "playchess.com"]
[Source "ChessBase"]
[SourceQuality "1"]
[TimeControl "1800+12"]

1. d4 Nf6 2. Bf4 g6 3. Nc3 Bg7 4. e4 d6 5. Qd2 a6 6. Nf3 b5 7. a3 Bb7 8. Bd3 c5 9. d5 O-O 10. O-O Re8 11. Rfe1 Nbd7 12. h3 Nb6 13. Rad1 e6 14. dxe6 Rxe6 15. Ng5 Re7 16. e5 dxe5 17. Bxe5 c4 18. Bxg6 Qxd2 19. Bxf7+ Rxf7 20. Rxd2 Re7 21. f4 Nfd5 22. Nge4 Nxc3 23. Nxc3 Rae8 24. Rde2 Bxe5 25. fxe5 Nd7 26. Rd1 Nxe5 27. Red2 Rg7 28. Kh2 Kh8 29. Nd5 Reg8 30. Nf4 Rf7 31. Ne6 Rf6 32. Nc5 Bc6 0-1

[Event "15th Deltalift Open 2018"]
[Site "Halmstad"]
[Date "2018.05.10"]
[Round "2"]
[White "Andersson, Lars"]
[Black "Malmstig, Erik"]
[Result "0-1"]
[ECO "A03"]
[WhiteElo "2028"]
[BlackElo "2339"]
[Annotator "NA"]
[PlyCount "109"]
[EventDate "2018.??.??"]
[EventType "swiss"]
[EventCountry "SWE"]
[SourceTitle "playchess.com"]
[Source "ChessBase"]
[SourceQuality "1"]
[TimeControl "1800+12"]

1. f4 d5 2. Nf3 Nc6 3. e3 a6 4. b3 f6 5. Bb2 Bg4 6. c4 e6 7. h3 Bh5 8. Be2 Nge7 9. O-O Bf7 10. g4 h5 11. g5 Nf5 12. Bd3 Ng3 13. Rf2 Nb4 14. Bf1 Nxf1 15. Rxf1 Nd3 16. Bc3 Be7 17. Qe2 dxc4 18. bxc4 Qd7 19. Bd4 Nb4 20. a3 Nc6 21. Bc3 e5 22. d4 Qxh3 23. fxe5 fxg5 24. d5 Na7 25. Qg2 Qxg2+ 26. Kxg2 Bg6 27. Nbd2 O-O 28. Nd4 Rxf1 29. Rxf1 Bxa3 30. Ne6 g4 31. Nxc7 Rc8 32. Ne6 h4 33. d6 Nc6 34. d7 Ra8 35. Nc7 {[%emt 0:00:19] [#]} Rd8 (35... Rf8 $1 $17 36. Ra1 Be7) 36. e6 Bd6 $2 (36... Rf8 $1 $15 {keeps the upper hand.} 37. Nd5 h3+ 38. Kg3 Rxf1 39. Nxf1 Kf8 40. Kxg4 Bd3) 37. Nd5 h3+ 38. Kg1 g3 39. Bd4 b5 40. Bb6 Ra8 41. c5 Be5 $2 (41... Bf8 42. Rf3 a5) 42. e7 Bf7 43. Nc7 $2 (43. Ne4 h2+ 44. Kg2) 43... Bxc7 44. Bxc7 Nxe7 45. d8=Q+ Rxd8 46. Bxd8 Nc6 47. Bc7 g2 48. Rf3 Be6 $18 (48... a5 $142 49. Rxh3 a4 50. Kxg2 b4) 49. Kh2 b4 50. Ne4 b3 51. Nc3 a5 52. Rf2 Nb4 53. Bxa5 Nd3 54. Rd2 Ne5 55. Rf2 0-1

[Event "15th Deltalift Open 2018"]
[Site "Halmstad"]
[Date "2018.05.10"]
[Round "2"]
[White "Goransson, Martin"]
[Black "Rydstrom, Tom"]
[Result "0-1"]
[ECO "A27"]
[WhiteElo "2025"]
[BlackElo "2324"]
[Annotator "NA"]
[PlyCount "86"]
[EventDate "2018.??.??"]
[EventType "swiss"]
[EventCountry "SWE"]
[SourceTitle "playchess.com"]
[Source "ChessBase"]
[SourceQuality "1"]
[TimeControl "1800+12"]

1. c4 e5 2. g3 Nc6 3. Nc3 f5 4. Nf3 Nf6 {[%emt 0:00:02] A27: English Opening: Three Knights Variation} (4... d6 5. d4 e4 6. d5 Ne5 7. Nxe5 dxe5 8. g4 g6 9. gxf5 gxf5 10. Rg1 Nf6 11. Bg5 Be7 12. e3 Rg8 {1-0 (27) Aronian,L (2793)-Ivanchuk,V (2738) Leuven 2017}) 5. d4 e4 6. Nh4 g6 7. Bg5 Be7 8. e3 Kf7 9. Be2 $146 ({Predecessor:} 9. Ng2 h6 10. Bxf6 Bxf6 11. g4 d6 12. Nf4 {0-1 (25) Doyle,H (1920)-Murray,D (2141) Bunratty 2013}) 9... h6 10. Bxf6 Bxf6 11. Ng2 g5 12. f3 exf3 13. Bxf3 d6 14. O-O Rf8 15. Be2 Kg8 16. Bd3 Bg7 17. Nd5 Ne7 18. Qc2 c5 19. dxc5 dxc5 20. Rad1 Kh8 21. Nxe7 Qxe7 22. Bxf5 Bxf5 23. Rxf5 Rxf5 24. Qxf5 Rf8 25. Qd5 Bxb2 26. Rb1 Qf6 27. Qd2 Bc3 28. Qe2 b6 29. Rf1 Qe7 30. h4 Bg7 31. hxg5 Qxg5 32. Rxf8+ Bxf8 33. Qf3 Qg7 34. Nf4 Qa1+ 35. Kg2 Qxa2+ 36. Kh3 Qc2 37. Ne6 Bg7 $1 38. Nxg7 Kxg7 39. Qg4+ Qg6 40. Qd7+ Qf7 41. Qg4+ Kf8 (41... Kh8) 42. Qc8+ Qe8 43. Qf5+ Qf7 $11 0-1

[Event "15th Deltalift Open 2018"]
[Site "Halmstad"]
[Date "2018.05.10"]
[Round "2"]
[White "Mattsson, Michael"]
[Black "Lindh, Fredrik"]
[Result "0-1"]
[ECO "B31"]
[WhiteElo "2020"]
[BlackElo "2296"]
[Annotator "NA"]
[PlyCount "108"]
[EventDate "2018.??.??"]
[EventType "swiss"]
[EventCountry "SWE"]
[SourceTitle "playchess.com"]
[Source "ChessBase"]
[SourceQuality "1"]
[TimeControl "1800+12"]

1. e4 c5 2. Nf3 Nc6 3. Bb5 g6 4. Bxc6 bxc6 5. O-O Bg7 6. Re1 d6 7. h3 {[%emt 0:00:04] B31: Sicilian: 2...Nc6 3 Bb5 g6} Nh6 8. d3 O-O 9. Nc3 f6 (9... e5 10. a3 f5 11. b4 cxb4 12. axb4 Nf7 13. Bd2 d5 14. Qb1 fxe4 15. dxe4 d4 16. Na4 g5 17. Nc5 g4 18. hxg4 Bxg4 {½-½ (58) Grigoriants,S (2576)-Nakamura,H (2786) chess.com INT 2017}) 10. Be3 Nf7 11. Qd2 e5 12. Nh2 f5 13. f3 $146 ({Predecessor:} 13. exf5 Bxf5 14. Ne4 d5 15. Bg5 Nxg5 16. Nxg5 h6 {0-1 (34) Li Ying,P (2200)-Manik,M (2510) Mallorca 2004}) 13... f4 14. Bf2 Rb8 15. b3 Ng5 16. Kh1 Ne6 17. Nd1 Bf6 18. Ng4 Bh4 19. c3 Bxf2 20. Qxf2 h5 21. Nh2 Qa5 22. Rb1 Ba6 23. Qd2 Rfd8 24. Nf1 c4 25. dxc4 Bxc4 26. Qf2 Nc5 27. b4 Qa6 28. Nb2 Bxa2 $2 (28... Nd3 $15 {keeps the upper hand.} 29. Nxd3 Bxd3) 29. Rbd1 Ne6 30. Ra1 c5 31. Nd1 cxb4 32. cxb4 Rxb4 33. Qxa2 Qxa2 34. Rxa2 Rb1 35. Nd2 Rc1 36. Nb3 (36. Rxa7 $18 Nd4 37. Rf1) 36... Rb1 37. Nd2 Rc1 38. Rf1 Rb8 39. Nf2 Rxf1+ 40. Nxf1 Rb1 41. Kg1 Nd4 42. Rd2 (42. Nd3 $18 {and White stays clearly on top.}) 42... a5 (42... Ra1 $14) 43. Rd1 Rxd1 44. Nxd1 a4 45. Nc3 a3 46. Kf2 Nc2 47. Nd2 Nb4 48. Nc4 a2 49. Nxa2 $11 Nxa2 50. Nxd6 Kg7 51. g3 fxg3+ 52. Kxg3 Nc3 53. Kh4 Ne2 54. Ne8+ Kh6 0-1

[Event "15th Deltalift Open 2018"]
[Site "Halmstad"]
[Date "2018.05.10"]
[Round "2"]
[White "Hakansson, Stefan"]
[Black "Silseth, Simon"]
[Result "1/2-1/2"]
[ECO "A45"]
[WhiteElo "2010"]
[BlackElo "2239"]
[Annotator "NA"]
[PlyCount "52"]
[EventDate "2018.??.??"]
[EventType "swiss"]
[EventCountry "SWE"]
[SourceTitle "playchess.com"]
[Source "ChessBase"]
[SourceQuality "1"]
[TimeControl "1800+12"]

1. d4 Nf6 2. Bg5 e6 3. e4 h6 4. Bxf6 Qxf6 5. c3 b6 6. Qf3 Qe7 7. Nd2 Bb7 8. Bd3 d6 9. Ne2 Nd7 10. O-O g6 11. Qg3 Bg7 12. f4 Nf6 13. e5 Nd7 14. Be4 Bxe4 15. Nxe4 d5 16. Nd2 h5 17. Nf3 Nb8 18. Ng5 Nc6 19. Qd3 Qd7 20. b4 Ne7 21. a4 a5 22. b5 Nf5 23. Ng3 Ne7 24. Rac1 h4 25. Ne2 c6 26. Rb1 c5 1/2-1/2

[Event "15th Deltalift Open 2018"]
[Site "Halmstad"]
[Date "2018.05.10"]
[Round "2"]
[White "Bergre, Joachim"]
[Black "Linusson, Pelle"]
[Result "0-1"]
[ECO "A37"]
[WhiteElo "1990"]
[BlackElo "2211"]
[Annotator "ChessBase"]
[PlyCount "65"]
[EventDate "2018.??.??"]
[EventType "swiss"]
[EventCountry "SWE"]
[SourceTitle "playchess.com"]
[Source "ChessBase"]
[SourceQuality "1"]
[TimeControl "1800+12"]

1. Nf3 g6 2. c4 Bg7 3. g3 c5 4. Nc3 Nc6 5. Bg2 d6 6. O-O e5 7. e4 Nge7 8. d3 O-O 9. a3 Rb8 10. Rb1 a5 11. Bd2 h6 12. Ne1 Be6 13. Nc2 f5 14. Ne3 f4 15. Ned5 g5 16. f3 Nd4 17. Nxe7+ Qxe7 18. b4 axb4 19. axb4 fxg3 20. hxg3 Rf7 21. Nd5 Qd7 22. bxc5 dxc5 23. Bc3 Rbf8 24. Bxd4 exd4 25. Rb6 Bxd5 26. cxd5 Qc7 27. Rb5 Qxg3 28. Qe1 Qd6 29. Qa5 g4 30. f4 Rxf4 31. Rxf4 Qxf4 32. Rxb7 Be5 33. Bf1 0-1

[Event "15th Deltalift Open 2018"]
[Site "Halmstad"]
[Date "2018.05.10"]
[Round "2"]
[White "Nystrom, Jonas"]
[Black "Madebrink, Lars"]
[Result "0-1"]
[ECO "B89"]
[WhiteElo "1965"]
[BlackElo "2192"]
[Annotator "NA"]
[PlyCount "48"]
[EventDate "2018.??.??"]
[EventType "swiss"]
[EventCountry "SWE"]
[SourceTitle "playchess.com"]
[Source "ChessBase"]
[SourceQuality "1"]
[TimeControl "1800+12"]

1. e4 c5 2. Nf3 d6 3. d4 cxd4 4. Nxd4 Nf6 5. Nc3 Nc6 6. Bc4 e6 7. Be3 Be7 8. Qe2 a6 9. f3 h5 10. O-O-O Qc7 11. Rhg1 Ne5 12. Bb3 b5 13. Bg5 Bd7 14. f4 Nc4 15. g4 hxg4 16. Bxf6 Bxf6 17. Rxg4 Rc8 18. f5 Qc5 19. fxe6 fxe6 20. Nd5 Bxd4 21. c3 Be5 22. Qg2 Rxh2 23. Qf3 exd5 24. Rxd5 Qe3+ 0-1